 Dungeon Crawl Stone Soup version 0.31-a0-1424-g2add1c7226 (webtiles) character file.

Game seed: 9418083338410087396

128 jlumianski the Ruffian (level 5, -3/40 HPs)
             Began as a Gnoll Shapeshifter on Dec 26, 2023.
             Slain by a cerulean imp
             ... wielding a +1 spear
             ... summoned by Natasha
              (4 damage)
             ... on level 2 of the Dungeon.
             The game lasted 00:06:31 (1303 turns).

jlumianski the Ruffian (Gnoll Shapeshifter)         Turns: 1303, Time: 00:06:32

Health: -3/40      AC:  0    Str: 16    XL:     5   Next: 12%
Magic:  7/7        EV: 15    Int:  9    God:
Gold:   89         SH:  0    Dex: 11    Spells: 6/6 levels left

rFire   . .          .
                       - Unarmed
rCold   . . .        (shield currently unavailable)
rNeg    . . .        a - melded +0 animal skin
rPois   .            (helmet currently unavailable)
rElec   .            (cloak currently unavailable)
rCorr   .            (gloves currently unavailable)
SInv    .            (boots currently unavailable)
Will    .....        (no amulet)
Stlth   ++           (ring currently unavailable)
HPRegen 0.26/turn    (ring currently unavailable)
MPRegen 0.10/turn

%: no passive effects
@: pig-form (expiring), slowed
A: fast, no casting, small, (fangs 1), strong nose, distributed training
a: no special abilities


You were on level 2 of the Dungeon.
You were a filthy swine.
You visited 1 branch of the dungeon, and saw 2 of its levels.

You collected 89 gold pieces.

Inventory:

Missiles
 e - 2 poisoned darts (quivered)
Armour
 a - a +0 animal skin (melded)
 b - a +0 helmet
 f - a +0 pair of boots
 j - a +2 pair of boots
Talismans
 c - a beast talisman
 d - a flux talisman
Scrolls
 g - 2 scrolls of vulnerability {unknown}
 i - a scroll of teleportation {unknown}
 k - a scroll of fog {unknown}
 l - a scroll of identify {unknown}
Potions
 h - a potion of attraction {unknown}


   Skills:
 + Level 2.9 Fighting
 + Level 1.4 Short Blades
 + Level 1.4 Long Blades
 + Level 1.4 Axes
 + Level 1.4 Maces & Flails
 + Level 1.4 Polearms
 + Level 1.4 Staves
 + Level 1.4 Ranged Weapons
 + Level 1.4 Throwing
 + Level 1.4 Armour
 + Level 4.7 Dodging
 + Level 1.4 Stealth
 + Level 1.4 Shields
 + Level 6.7 Unarmed Combat
 + Level 1.4 Spellcasting
 + Level 1.1 Conjurations
 + Level 1.1 Hexes
 + Level 1.1 Summonings
 + Level 1.1 Necromancy
 + Level 1.1 Translocations
 + Level 1.1 Fire Magic
 + Level 1.1 Ice Magic
 + Level 1.1 Air Magic
 + Level 1.1 Earth Magic
 + Level 1.1 Alchemy
 + Level 1.6 Invocations
 + Level 1.4 Evocations
 + Level 6.6 Shapeshifting


You had 6 spell levels left.
You didn't know any spells.
Your spell library contained the following spells:

 Spells                   Type           Power      Damage    Failure   Level
 Freeze                   Ice            8%         1d3       22%         1
 Frozen Ramparts          Ice            4%         1d1       54%         3
 Hailstorm                Conj/Ice       2%         3d5       54%         3


Dungeon Overview and Level Annotations

Branches:
Dungeon (2/15)

Altars:

Annotations:
D:2 Natasha


Innate Abilities, Weirdness & Mutations

You are a filthy swine.
You move quickly.
Your equipment is almost entirely melded.
You are incapable of wielding weapons or throwing items.
You cannot cast spells.
((You have very sharp teeth.))
Your uncanny sense of smell can sniff out nearby items.
Your experience applies equally to all skills.


Message History

You see here a bat corpse.
There is a stone staircase leading up, spattered with blood here.
You start resting.
HP restored.
You see here a bat corpse.
l - a scroll labelled RIYGEFFOVY Natasha, Servant of Life and Death comes into view.
She is carrying a wand of polymorph.
Natasha hisses angrily.
Natasha zaps a wand.
Your transformation has ended.
You turn into a filthy swine.
Your +0 animal skin melds into your body.
Natasha casts a spell.
You see here a scroll labelled XEUTEDIULU.
g - 2 scrolls labelled XEUTEDIULU (gained 1) Natasha mumbles some strange words.
Natasha casts a spell at you.
You feel yourself slow down. Natasha closely misses you.
The cerulean imp hits you with a +0 spear.
The cerulean imp misses you.
You hit Natasha but do no damage. Natasha closely misses you.
The cerulean imp hits you with a +0 spear.
The cerulean imp hits you from afar with a +1 spear.
Natasha claws you!
You hit Natasha.
Natasha is moderately wounded.
Your transformation is almost over.
The cerulean imp hits you with a +0 spear.
The cerulean imp closely misses you. Natasha closely misses you.
The cerulean imp hits you with a +0 spear.
* * * LOW HITPOINT WARNING * * *
Natasha stares at you and mumbles some strange words.
The magic dart hits you!
* * * LOW HITPOINT WARNING * * *
The cerulean imp hits you from afar with a +0 spear.
* * * LOW HITPOINT WARNING * * *
The cerulean imp attacks as it pursues you!
The cerulean imp hits you from afar with a +1 spear.
You die...

#..... ##### .#..... .....
..... ...... ...
.....###..... ##.#
............ ..#####..#####
#...#...... #.......5....##
#......)... #......<..h[..##
#.......... .........5.....#
#..........
?..........h...###..........
...............#...>....[...
........................†<÷.
.$.............###...#...#..
#.......>..$..####...#)###..
##.....#.....###.......# ..
....######## #.#.....# .#
###. #.#.....# .# # #
#.....# #.


You could see Natasha and 2 cerulean imps.

Vanquished Creatures
  Natasha (D:2)
  Robin (D:2)
  6 gnolls
  5 bats
  An endoplasm (D:1)
  7 goblins (D:1)
  6 hobgoblins
  3 jackals (D:1)
  2 quokkas (D:1)
  2 ball pythons
  2 frilled lizards (D:1)
  A kobold (D:1)
  2 rats (D:1)
39 creatures vanquished.

Notes
Turn   | Place    | Note
-------+----------+-------------------------------------------
     0 | D:1      | jlumianski the Gnoll Shapeshifter began the quest for the
                  | Orb.
     0 | D:1      | Reached XP level 1. HP: 17/17 MP: 1/1
    67 | D:2      | Noticed Robin
    67 | D:2      | Found the +2 ratskin cloak {*Rats rPois rN+ Str-1 Int-1
                  | Dex+1}
   226 | D:2      | Noticed Natasha
   227 | D:2      | Noticed a cerulean imp
   332 | D:1      | Reached XP level 2. HP: 18/23 MP: 2/2
   843 | D:1      | Reached XP level 3. HP: 13/28 MP: 2/4
   912 | D:1      | Reached skill level 1 in Invocations
   920 | D:2      | Killed Natasha
   921 | D:2      | Reached skill level 1 in Short Blades
   921 | D:2      | Reached skill level 1 in Long Blades
   921 | D:2      | Reached skill level 1 in Axes
   921 | D:2      | Reached skill level 1 in Maces & Flails
   921 | D:2      | Reached skill level 1 in Polearms
   921 | D:2      | Reached skill level 1 in Staves
   921 | D:2      | Reached skill level 1 in Ranged Weapons
   921 | D:2      | Reached skill level 1 in Throwing
   921 | D:2      | Reached skill level 1 in Armour
   921 | D:2      | Reached skill level 1 in Stealth
   921 | D:2      | Reached skill level 1 in Shields
   921 | D:2      | Reached skill level 1 in Spellcasting
   921 | D:2      | Reached skill level 1 in Evocations
   921 | D:2      | Reached XP level 4. HP: 34/34 MP: 5/5
   924 | D:2      | Killed Robin
   928 | D:1      | Reached skill level 1 in Conjurations
   928 | D:1      | Reached skill level 1 in Hexes
   928 | D:1      | Reached skill level 1 in Summonings
   928 | D:1      | Reached skill level 1 in Necromancy
   928 | D:1      | Reached skill level 1 in Translocations
   928 | D:1      | Reached skill level 1 in Fire Magic
   928 | D:1      | Reached skill level 1 in Ice Magic
   928 | D:1      | Reached skill level 1 in Air Magic
   928 | D:1      | Reached skill level 1 in Earth Magic
   928 | D:1      | Reached skill level 1 in Alchemy
  1181 | D:1      | Reached XP level 5. HP: 29/40 MP: 5/7
  1291 | D:2      | Noticed Natasha
  1302 | D:2      | HP: 1/40 [cerulean imp/+0 spear[Natasha] (3)]
  1303 | D:2      | Slain by a cerulean imp

Illustrated notes

Levels and vault maps discovered:
D:1:      enne_arrival_octagon_isle, layout_basic, minmay_stone_trees_medium,
          wander_ebering_terrifying_dragon_lair
D:2:      layout_rooms, chequers_ecumenical_altar_simple, serial_shops,
          nicolae_shop_crystal, nicolae_shop_tiny_real_fake_doors,
          grunt_ministairs_13, chequers_serial_rivers_micro_b, uniq_robin,
          uniq_natasha, uniq_sigmund

Skill      XL: |  1  2  3  4 |
---------------+-------------+-----
Invocations    | 1 |  1.6
Short Blades   | 1 |  1.4
Long Blades    | 1 |  1.4
Axes           | 1 |  1.4
Maces & Flails | 1 |  1.4
Polearms       | 1 |  1.4
Staves         | 1 |  1.4
Ranged Weapons | 1 |  1.4
Throwing       | 1 |  1.4
Armour         | 1 |  1.4
Stealth        | 1 |  1.4
Shields        | 1 |  1.4
Spellcasting   | 1 |  1.4
Evocations     | 1 |  1.4
Conjurations   | 1 |  1.1
Hexes          | 1 |  1.1
Summonings     | 1 |  1.1
Necromancy     | 1 |  1.1
Translocations | 1 |  1.1
Fire Magic     | 1 |  1.1
Ice Magic      | 1 |  1.1
Air Magic      | 1 |  1.1
Earth Magic    | 1 |  1.1
Alchemy        | 1 |  1.1
Fighting       | |  2.9
Dodging        | |  4.7
Unarmed Combat | |  6.7
Shapeshifting  | |  6.6

Action                     |  1- 3 |  4- 6 || total
---------------------------+-------+-------++-------
  Melee: Unarmed           |    51 |    49 ||   100
         Bite              |     2 |     2 ||     4
         Punch             |     1 |     2 ||     3
    Use: Potion            |     1 |       ||     1
 Armour: Animal skin       |    37 |    34 ||    71
         Skin              |    19 |    18 ||    37
  Dodge: Dodged            |    51 |    73 ||   124

Table legend: (Time is in decaauts)
 A = Elapsed time spent in this place.
 B = Non-inter-level travel time spent in this place.
 C = Inter-level travel time spent in this place.
 D = Time resting spent in this place.
 E = Time spent auto-exploring this place.
 F = Levels seen in this place.
 G = Mean time per level.
                   A        B        C        D        E       F      G
               +--------+--------+--------+--------+--------+-----+--------+
         Total |   1309 |   1280 |     29 |    376 |    367 |   2 |  654.5 |
       Dungeon |   1309 |   1280 |     29 |    376 |    367 |   2 |  654.5 |
               +--------+--------+--------+--------+--------+-----+--------+

Top non-repeatable levels by time:
     D:1: 1110 daAuts
     D:2: 198 daAuts
